 Dungeon Crawl Stone Soup version 0.21.0-26-g889b8f6 (webtiles) character file.

0 turnburgler the Ducker (level 1, 0/10 HPs)
             Began as a Felid Abyssal Knight on Jan 27, 2018.
             Was a Follower of Lugonu.
             Slain by a large abomination (10 damage)
             ... on level 2 of the Abyss.
             The game lasted 00:03:54 (272 turns).

turnburgler the Ducker (Felid Abyssal Knight)        Turns: 272, Time: 00:03:55

Health: 0/10       AC:  1    Str:  8    XL:     1   Next: 0%
Magic:  3/3        EV: 18    Int: 13    God:    Lugonu [*.....]
Gold:   20         SH:  0    Dex: 15    Spells: 0/0 levels left
                                        Lives:  0   Deaths: 0

rFire    . . .     SeeInvis +     - Unarmed
rCold    . . .     Gourm    .   (shield unavailable)
rNeg     . . .     Faith    .   (armour unavailable)
rPois    .         Spirit   .   (helmet unavailable)
rElec    .         Reflect  .   (cloak unavailable)
rCorr    .         Harm     .   (gloves unavailable)
MR       .....                  (boots unavailable)
Stlth    ++........             (no amulet)
HPRegen  0.00/turn              (no ring)
MPRegen  0.08/turn              (no ring)

@: quick
A: very small, no armour, no weapons or thrown items, stealth, claws 1, fangs 3,
see invisible, carnivore, speed 1, shaggy fur 1, inhibited regeneration, slow
metabolism 1, sharp paws
a: Depart the Abyss, Renounce Religion


You were on level 2 of the Abyss.
You worshipped Lugonu.
Lugonu was aware of your devotion.
You were not hungry.

You visited 0 branches of the dungeon, and saw 0 of its levels.
You visited the Abyss 1 time.

You collected 20 gold pieces.

Inventory:

Jewellery
 d - an uncursed ring of protection from magic {unknown}
Scrolls
 c - a scroll of vulnerability {unknown}
Potions
 b - a potion of degeneration {unknown}
Comestibles
 a - a ration


   Skills:
 + Level 3.0 Fighting
 + Level 3.2 Dodging
 * Level 0.0 Stealth
 + Level 2.0 Unarmed Combat
 + Level 1.7 Invocations


You couldn't memorise any spells.
You didn't know any spells.

Dungeon Overview and Level Annotations

Branches:
Dungeon (0/15)

Altars:


Innate Abilities, Weirdness & Mutations

You cannot wear armour.
You are incapable of wielding weapons or throwing items.
Your paws allow you to move quietly. (Stealth)
You have sharp claws.
You have razor-sharp teeth.
You have supernaturally acute eyesight. (SInv)
You are carnivorous and can eat meat at any time.
You cover ground quickly.
You are covered in fur. (AC +1)
You have a slow metabolism.
Your sharp claws are effective at attacking unaware monsters.
You do not regenerate when monsters are visible.


Message History

You feel ill.
A sixfirhy comes into view.
A large abomination comes into view.
A tentacled starspawn comes into view.
Tentacles burst from the starspawn's body! 2 starspawn tentacles come into view.
A wraith comes into view.
A small abomination and an apocalypse crab come into view.
Found 25 gold pieces.
A small abomination comes into view.
Found a silver ring.
You see here a silver ring.
d - a silver ring You enter the shallow water.
Moving in this stuff is going to be slow.
A large abomination comes into view.
You feel your health improve. The large abomination hits you!
Ouch! That really hurt!
You die...

#..≈≈...# # .###
#.#≈≈≈.. ..#.###.#.≈≈.
.....#..≈≈≈#
#..#.#.≈≈.## ##
#...#.≈≈≈..# ### .####
#.....≈≈#.# ..##...
#...X.≈W≈.# #.. ...#
#...##@≈≈≈.#####..#...#
# #..≈≈≈.....#....#.#
#..≈≈≈..#....##. ...
##.≈♣≈..#.#..#..#.#.
#.≈≈♣#.....##..##..
...≈♣ #.##.######...
#..≈≈ #..### .##. ##.≈≈
.... ###.#.. ≈## # #


You could see a large abomination and a wraith.

Vanquished Creatures (others)
  2 starspawn tentacles (Abyss:2)
2 creatures vanquished.

Notes
Turn   | Place    | Note
-------+----------+-------------------------------------------
     0 | Abyss:1  | turnburgler the Felid Abyssal Knight began the quest for the Orb.
     0 | Abyss:1  | Reached XP level 1. HP: 10/10 MP: 3/3
    41 | Abyss:1  | Noticed a neqoxec
    42 | Abyss:1  | Gained mutation: You do not regenerate when monsters are visible. [a neqoxec]
    70 | Abyss:1  | Found a corrupted altar of Lugonu.
   157 | Abyss:2  | Noticed an ancient zyme
   173 | Abyss:2  | Noticed a wight
   185 | Abyss:2  | Noticed an iron imp
   194 | Abyss:2  | Noticed an ancient zyme
   198 | Abyss:2  | Noticed an ancient zyme
   201 | Abyss:2  | Noticed a small abomination
   214 | Abyss:2  | Noticed a sixfirhy
   224 | Abyss:2  | Noticed a large abomination
   234 | Abyss:2  | Noticed a tentacled starspawn
   240 | Abyss:2  | Noticed a wraith
   240 | Abyss:2  | Noticed an apocalypse crab
   240 | Abyss:2  | Noticed a small abomination
   241 | Abyss:2  | Noticed a small abomination
   270 | Abyss:2  | Noticed a large abomination
   272 | Abyss:2  | Slain by a large abomination

Action                   || total
-------------------------++-------
Dodge: Dodged            ||     2
